 Dungeon Crawl Stone Soup version 0.31.0-10-gcf4a605ca0 (webtiles) character file.

Game seed: 17988688483887354459

331 Laraso the Magician (level 6, -1/53 HPs)
             Began as an Oni Air Elementalist on Jan 25, 2024.
             Was a Believer of Sif Muna.
             Slain by an ufetubus (2 damage)
             ... on level 5 of the Dungeon.
             The game lasted 00:05:45 (4323 turns).

Laraso the Magician (Oni Air Elementalist)          Turns: 4323, Time: 00:05:46

Health: -1/53      AC:  3    Str: 13    XL:     6   Next: 51%
Magic:  7/12       EV:  9    Int: 18    God:    Sif Muna [**....]
Gold:   391        SH:  0    Dex:  9    Spells: 3/13 levels left

rFire   . . .        b - +2 flail (holy)
rCold   . . .        (no shield)
rNeg    . . .        d - +0 robe
rPois   .            (helmet restricted)
rElec   .            (no cloak)
rCorr   .            (gloves unavailable)
SInv    .            (boots unavailable)
Will    .....        (no amulet)
Stlth   +            (no ring)
HPRegen 0.28/turn    (no ring)
MPRegen 0.13/turn

%: no passive effects
@: no status effects
A: large, unfitting armour, horns 1, tough skin 1, double potion healing,
drunken brawling
a: Renounce Religion, Channel Magic


You were on level 5 of the Dungeon.
You worshipped Sif Muna.
Sif Muna was pleased with you.
You visited 1 branch of the dungeon, and saw 5 of its levels.
You also visited: Ossuary.

You collected 391 gold pieces.

Inventory:

Hand Weapons
 a - a +1 dagger of venom
 b - a +2 flail of holy wrath (weapon)
Armour
 d - a +0 robe (worn)
Jewellery
 k - a ring of resist corrosion
Scrolls
 c - 2 scrolls of teleportation
 e - 2 scrolls of enchant armour {unknown}
 f - 3 scrolls of enchant weapon
 g - a scroll of blinking
 j - 2 scrolls of vulnerability
 n - 2 scrolls of immolation {unknown}
 o - 3 scrolls of noise
Potions
 h - 2 potions of lignification
 i - 2 potions of magic
 l - a potion of cancellation {unknown}
 m - 2 potions of curing {unknown}
 p - a potion of invisibility {unknown}
 q - a potion of mutation {unknown}
 r - a potion of enlightenment {unknown}
 s - a potion of degeneration {unknown}
 t - a potion of berserk rage {unknown}
 u - a potion of haste {unknown}


   Skills:
 - Level 2.0 Maces & Flails
 - Level 1.7 Dodging
 - Level 1.4 Stealth
 - Level 4.1 Spellcasting
 - Level 3.1 Conjurations
 - Level 4.0 Air Magic
 * Level 2.0 Invocations


You had 3 spell levels left.
You knew the following spells:

 Your Spells              Type           Power      Damage    Failure   Level
a - Shock                 Conj/Air       64%        1d7       3%          1
b - Static Discharge      Conj/Air       32%        3-5/arc   4%          2
c - Swiftness             Air            18%        N/A       9%          3
d - Airstrike             Air            9%         2d(2-18)  28%         4

Your spell library contained the following spells:

 Spells                   Type           Power      Damage    Failure   Level
 Inner Flame              Hex/Fire       3%         N/A       41%         3
 Flame Wave               Conj/Fire      9%         2d6       58%         4
 Sticky Flame             Fire/Alch      3%         2d4       82%         4


Dungeon Overview and Level Annotations

Branches:
Dungeon (5/15)            Ossuary (visited)
 Temple: D:4-7

Altars:
Sif Muna


Innate Abilities, Weirdness & Mutations

You are too large for most types of armour.
You have a pair of small horns on your head.
You have tough skin. (AC +1)
You gain doubled healing and magic from potions.
Whenever you drink a healing potion, you attack all around you.


Message History

Casting: Static Discharge (safe; 4% risk of failure)
Confirm with . or Enter, or press ? or * to list all spells.
The iguana is struck by an arc of lightning.
The iguana is heavily wounded.
You are struck by an arc of lightning.
The lightning grounds out.
The iguana closely misses you.
Unknown command.
Unknown command.
Unknown command.
Casting: Static Discharge (safe; 4% risk of failure)
Confirm with . or Enter, or press ? or * to list all spells.
The iguana is struck by an arc of lightning.
The iguana is heavily wounded.
You are struck by an arc of lightning.
The iguana bites you.
Unknown command.
Unknown command.
You barely miss the iguana.
The iguana is heavily wounded.
The iguana barely misses you.
You hit the iguana. Your headbutt misses the iguana.
The iguana is almost dead.
The iguana closely misses you. The iguana barely misses you.
You closely miss the iguana. Your headbutt misses the iguana.
The iguana is almost dead.
The orc throws a boomerang.
The boomerang closely misses you.
The iguana hisses menacingly.
The iguana bites you!
* * * LOW HITPOINT WARNING * * *
You barely miss the iguana.
The iguana is almost dead.
The orc throws a boomerang.
The boomerang hits you.
* * * LOW HITPOINT WARNING * * *
The iguana closely misses you.
Unknown command.
The iguana bites you.
* * * LOW HITPOINT WARNING * * *
You climb downwards.
The sentinel's mark upon you fades away.
The ufetubus hits you.
You die...

..#..#[.....##...##.....#
..###.l.O....##...##....##
.#.
#5.#.#.....#...##....##..
#5..##.#.l...#...#.........
#... .##.o...#...'.........
#.# #. #.....#...#.........
#. #. ###'#####.##....##..
. ..####.5####.##....# .. .
#.#l@5..#........# .
#.'..l..#........+
#.#.....#........#
#.#.....#........#
#.#.....##.......#
#.#.....##.......#
#.#......#........
#.##....##.......# #.
#....##.......#


You could see an ogre, 3 iguanas, 2 ufetubi and an orc.

Vanquished Creatures
  A phantom (D:5)
  An orc priest (D:3)
  8 mummies (Ossuary)
  3 adders
  2 dart slugs
  A ribbon worm (D:1)
  5 orcs
  5 ball pythons
  4 bats
  13 endoplasms
  4 giant cockroaches
  2 gnoll zombies (Ossuary)
  6 hobgoblins
  8 jackals (D:1)
  3 quokkas
  3 frilled lizards
  6 goblins
  3 hobgoblin zombies (Ossuary)
  3 kobolds (D:1)
  2 kobold zombies (Ossuary)
  An orc zombie (Ossuary)
  7 rats
91 creatures vanquished.

Notes
Turn   | Place    | Note
-------+----------+-------------------------------------------
     0 | D:1      | Laraso the Oni Air Elementalist began the quest for the
                  | Orb.
     0 | D:1      | Reached XP level 1. HP: 16/16 MP: 3/3
     1 | D:1      | Found a runed translucent door.
   292 | D:1      | Reached XP level 2. HP: 9/24 MP: 0/6
   554 | D:1      | Reached skill level 1 in Maces & Flails
   694 | D:1      | Reached XP level 3. HP: 30/31 MP: 7/7
   750 | D:1      | You fall into a shaft and drop 1 floor!
   761 | D:2      | Found a shimmering blue altar of Sif Muna.
   801 | D:2      | Became a worshipper of Sif Muna the Loreminder
   929 | D:2      | Learned a level 2 spell: Static Discharge
   933 | D:2      | Learned a level 3 spell: Swiftness
  1669 | D:1      | Reached XP level 4. HP: 30/39 MP: 10/10
  1671 | D:1      | Reached * piety under Sif Muna
  1716 | D:1      | Reached skill level 1 in Conjurations
  2821 | D:3      | Learned a level 4 spell: Airstrike
  3194 | D:3      | Found a faded altar of an unknown god.
  3250 | D:4      | Noticed an orc warrior
  3342 | D:3      | Reached XP level 5. HP: 29/45 MP: 11/11
  3493 | D:5      | Entered Level 5 of the Dungeon
  3530 | D:5      | Noticed a phantom
  3536 | D:5      | Killed a phantom
  3663 | D:5      | Found a sand-covered staircase.
  3668 | Ossuary  | Entered an ossuary
  3682 | Ossuary  | Reached XP level 6. HP: 52/53 MP: 12/12
  3688 | Ossuary  | Reached ** piety under Sif Muna
  4025 | Ossuary  | Reached skill level 1 in Invocations
  4322 | D:4      | HP: 1/53 [iguana (3)]
  4323 | D:5      | Slain by an ufetubus

Illustrated notes

Levels and vault maps discovered:
D:1:      dpeg_arrival_caged_fury, layout_loops_ring, minmay_splitting_lines
D:2:      layout_loops_corners, basic_altar, dreamdust_princess_corridor,
          kennysheep_nub, serial_bayou_lake_a
D:3:      layout_loops_corners, chequers_ecumenical_altar_lobes
D:4:      layout_rooms, minmay_temple_entry_glassed_door, eino_tiny_chamber,
          uniq_sigmund
D:5:      wad_crossroads, layout_gridville,
          nicolae_ossuary_entry_false_entrances

Skill      XL: |  1  2  3  4  5  6 |
---------------+-------------------+-----
Spellcasting   | 3 4 |  4.1
Maces & Flails | 1 2 |  2.0
Conjurations   | 1 2 3 |  3.1
Air Magic      | 3 4 |  4.0
Invocations    | 2 |  2.0
Dodging        | |  1.7
Stealth        | |  1.4

Action                     |  1- 3 |  4- 6 || total
---------------------------+-------+-------++-------
  Melee: Unarmed           |    22 |       ||    22
         Headbutt          |    13 |    17 ||    30
         Dagger            |    96 |    92 ||   188
         Flail             |       |    36 ||    36
   Cast: Shock             |    18 |     3 ||    21
         Static Discharge  |       |    16 ||    16
    Use: Scroll            |       |     6 ||     6
   Stab: Sleeping          |     1 |     5 ||     6
 Armour: Robe              |    86 |    98 ||   184
  Dodge: Dodged            |    55 |    54 ||   109
